 Dungeon Crawl Stone Soup version 0.18.1-8-gdd0e5ea (webtiles) character file.

44 manyhoops the Cudgeler (level 3, -6/42 HPs)
             Began as an Ogre Berserker on May 30, 2016.
             Was a Believer of Trog.
             Mangled by an orc
             ... wielding a +0 mace
              (10 damage)
             ... on level 2 of the Dungeon.
             The game lasted 00:02:05 (1289 turns).

manyhoops the Cudgeler (Ogre Berserker)             Turns: 1289, Time: 00:02:06

Health: -6/42      AC:  3    Str: 23    XL:     3   Next: 62%
Magic:  3/3        EV: 10    Int:  6    God:    Trog [**....]
Gold:   126        SH:  0    Dex:  9    Spells: 0 memorised, 2 levels left

rFire  . . .     SeeInvis .     a - +0 mace
rCold  . . .     Gourm    .     b - +0 animal skin
rNeg   . . .     Faith    .     (no shield)
rPois  .         Spirit   .     (helmet restricted)
rElec  .         Dismiss  .     (no cloak)
rCorr  .         Reflect  .     (gloves unavailable)
SustAt .         Harm     .     (boots unavailable)
MR     .....                    (no amulet)
Stlth  ++........               q - ring of wizardry
                                g - ring of stealth

@: not resistant to hostile enchantments, unstealthy
A: unfitting armour, tough skin 1
a: Berserk, Trog's Hand, Burn Spellbooks, Renounce Religion


You were on level 2 of the Dungeon.
You worshipped Trog.
Trog was pleased with you.
You were not hungry.

You visited 1 branch of the dungeon, and saw 3 of its levels.

You collected 126 gold pieces.

Inventory:

Hand Weapons
 a - a +0 mace (weapon)
Armour
 b - a +0 animal skin (worn)
Jewellery
 g - a ring of stealth (left hand)
 q - a ring of wizardry (right hand)
Wands
 h - a wand of lightning (8/15)
Scrolls
 e - a scroll of remove curse
 f - a scroll of recharging {unknown}
 j - a scroll of random uselessness {unknown}
 n - a scroll of immolation {unknown}
Potions
 i - a potion of flight
 k - 2 potions of heal wounds
 l - a potion of cure mutation
 m - 3 potions of mutation {unknown}
 p - 2 potions of berserk rage {unknown}
Comestibles
 c - a bread ration
 d - a meat ration
 o - 3 chunks of flesh


   Skills:
 + Level 5.0 Fighting
 + Level 5.2 Maces & Flails
 - Level 2.6 Dodging


You had 2 spell levels left.
You didn't know any spells.

Dungeon Overview and Level Annotations

Branches:
Dungeon (3/15)

Altars:

Annotations:
D:2 Sigmund


Innate Abilities, Weirdness & Mutations

You are too large for most types of armour.
You have tough skin (AC +1).


Message History

You closely miss the orc priest.
The orc priest is moderately wounded.
The orc priest invokes the aid of Beogh against you.
Beogh smites you! The orc completely misses you.
You hit the orc priest.
The orc priest is severely wounded.
The orc priest hits you with a short sword.
The orc misses you.
You hit the orc priest but do no damage.
The orc priest is severely wounded.
The orc priest miscasts a cantrip.
The orc hits you with a mace!
* * * LOW HITPOINT WARNING * * *
Something hits you.
* * * LOW HITPOINT WARNING * * *
The orc priest hits you but does no damage.
You barely miss the orc priest.
The orc priest is severely wounded.
The orc priest barely misses you. The orc hits you with a mace!
You die...

#####........#..#........#
#........(.†.#..#........#
#............#..#........#
#............#..#####+#+##
#.(..........#..#
#............#..#
#......#####....#
#############..o###
#.........o@..#
#.###########.# #.# #.#
#.# #.# #.# #.#
#.###########.#
#.............#
###############


You could see an orc priest and an orc.

Vanquished Creatures
  A worm (D:2)
  A dart slug (D:1)
  A giant gecko (D:2)
  3 ball pythons
  3 giant cockroaches
  5 goblins
  9 hobgoblins
  3 kobolds
  2 bats
  A giant newt (D:1)
  4 rats
33 creatures vanquished.

Notes
Turn   | Place    | Note
--------------------------------------------------------------
     0 | D:1      | manyhoops the Ogre Berserker began the quest for the Orb.
     0 | D:1      | Reached XP level 1. HP: 24/24 MP: 1/1
   161 | D:1      | Reached XP level 2. HP: 33/33 MP: 2/2
   653 | D:1      | Reached XP level 3. HP: 31/40 MP: 3/3
   938 | D:2      | Reached skill level 5 in Fighting
   963 | D:2      | Reached ** piety under Trog
  1129 | D:2      | Reached skill level 5 in Maces & Flails
  1252 | D:2      | Noticed Sigmund
  1289 | D:2      | Mangled by an orc

Skill      XL: |  1  2  3 |
---------------+----------+-----
Fighting       | 5 |  5.0
Maces & Flails | 5 |  5.2
Dodging        | |  2.6

Action                   || total
-------------------------++-------
Melee: Mace              ||   121
  Use: Potion            ||     1
       Scroll            ||     3
 Stab: Sleeping          ||     1
  Eat: Chunk             ||     1
Armor: Animal skin       ||    34
Dodge: Dodged            ||    74
